 Dungeon Crawl Stone Soup version 0.26.1-11-gd32895ea62 (webtiles) character file.

Game seed: 15342652685662033283

74 Descartes the Conjurer (level 4, -9/24 HPs)
             Began as a Deep Elf Wanderer on June 13, 2021.
             Killed from afar by an orc wizard (11 damage)
             ... with a magic dart
             ... on level 3 of the Dungeon.
             The game lasted 00:05:51 (2696 turns).

Descartes the Conjurer (Deep Elf Wanderer)          Turns: 2696, Time: 00:05:52

Health: -9/24      AC:  1    Str:  9    XL:     4   Next: 10%
Magic:  2/10       EV: 13    Int: 17    God:
Gold:   124        SH:  0    Dex: 15    Spells: 8/9 levels left

rFire    . . .     SeeInvis .   a - +0 dagger
rCold    . . .     Faith    .   (no shield)
rNeg     . . .     Spirit   .   d - +0 robe
rPois    .         Reflect  .   n - -2 helmet (curse)
rElec    .         Harm     .   (no cloak)
rCorr    .         Rampage  .   (no gloves)
Will     .....     Rnd*Rage +   (no boots)
Stlth    +.........             (no amulet)
HPRegen  0.08/turn              (no ring)
MPRegen  0.12/turn              (no ring)

@: no status effects
A: repulsion field 1, berserk 1
a: no special abilities


You were on level 3 of the Dungeon.
You visited 1 branch of the dungeon, and saw 3 of its levels.

You collected 124 gold pieces.

Inventory:

Hand Weapons
 a - a +0 dagger (weapon)
 f - a +0 hunting sling
Missiles
 b - 2 boomerangs (quivered)
 h - 4 datura-tipped darts
 i - 130 stones
 j - 67 bolts
 k - 32 sling bullets
 l - 23 arrows
Armour
 d - a +0 robe (worn)
 e - a +0 helmet
 n - a cursed -2 helmet (worn)
Scrolls
 g - 3 scrolls of teleportation
 o - a scroll of enchant armour {unknown}
Potions
 c - a potion of brilliance {unknown}
 m - a potion of magic {unknown}
 p - a potion of flight {unknown}


   Skills:
 + Level 3.1 Spellcasting
 - Level 5.0 Conjurations
 - Level 4.0 Hexes
 - Level 1.0 Air Magic
 - Level 2.1 Evocations


You had 8 spell levels left.
You knew the following spells:

 Your Spells              Type           Power        Failure   Level
a - Magic Dart            Conj           76%          2%          1

Your spell library contained the following spells:

 Spells                   Type           Power        Failure   Level
 Corona                   Hex            17%          3%          1
 Dazzling Flash           Conj/Hex       34%          9%          3
 Confusing Touch          Hex            16%          10%         3
 Tukima's Dance           Hex            16%          10%         3
 Ensorcelled Hibernation  Hex/Ice        18%          12%         2
 Swiftness                Air            6%           17%         2
 Stone Arrow              Conj/Erth      22%          19%         3
 Corpse Rot               Necr/Air       N/A          22%         2


Dungeon Overview and Level Annotations

Branches:
Dungeon (3/15)

Altars:
Qazlal
Ru


Innate Abilities, Weirdness & Mutations

You are surrounded by a mild repulsion field. (EV +2)
You tend to lose your temper in combat.


Message History

Confirm with . or Enter, or press ? or * to list all spells.
You don't have enough magic to cast that spell.
Unknown command.
The orc wizard hits you but does no damage.
Things that are here:
a +0 whip; an orc corpse The orc wizard closely misses you.
The orc wizard points at you and mumbles some strange words.
The magic dart hits you! The orc wizard casts a spell at you.
The puff of flame hits you.
The orc priest miscasts a cantrip.
The orc wizard hits you with a +0 dagger.
* * * LOW HITPOINT WARNING * * *
The orc wizard hits you with a +0 dagger.
* * * LOW HITPOINT WARNING * * *
The orc wizard misses you.
The orc wizard gestures at you while chanting.
The magic dart hits you!
You die...

######### #.<.....# .#
#.#####@# .### #.# #o#
##... ##.#####.# #.# #...
#........# #.# #..#
.....#.)#####.###..###
..## #).......#.#....#
#........#..##..#..# #
#.#.........##.###.##.#.#
......#......o## ##.....#


You could see an orc wizard (fast).

Vanquished Creatures
  2 adders (D:2)
  2 worms
  2 leopard geckos
  3 orcs (D:3)
  7 bats
  6 goblins
  6 hobgoblins
  4 jackals (D:1)
  2 frilled lizards (D:1)
  5 kobolds
  6 rats
45 creatures vanquished.

Notes
Turn   | Place    | Note
-------+----------+-------------------------------------------
     0 | D:1      | Descartes the Deep Elf Wanderer began the quest for the
                  | Orb.
     0 | D:1      | Descartes set off with the following items: a +0 dagger, a
                  | +0 robe; and the following spells available to memorise:
                  | Corona, Magic Dart, Confusing Touch, Tukima's Dance,
                  | Ensorcelled Hibernation, Dazzling Flash, Swiftness, Corpse
                  | Rot, Stone Arrow
     0 | D:1      | Reached XP level 1. HP: 10/10 MP: 5/5
     2 | D:1      | Learned a level 1 spell: Magic Dart
   212 | D:1      | Reached XP level 2. HP: 15/15 MP: 1/6
   220 | D:1      | Reached skill level 4 in Conjurations
  1095 | D:1      | Reached XP level 3. HP: 19/19 MP: 4/8
  1503 | D:2      | Gained mutation: You tend to lose your temper in combat.
                  | [potion of mutation]
  1503 | D:2      | Gained mutation: You are surrounded by a mild repulsion
                  | field. (EV +2) [potion of mutation]
  2264 | D:2      | Found a stormy altar of Qazlal.
  2264 | D:2      | Found a sacrificial altar of Ru.
  2443 | D:3      | Reached skill level 5 in Conjurations
  2465 | D:3      | Reached XP level 4. HP: 12/24 MP: 1/10
  2692 | D:3      | HP: 1/24 [orc wizard/+0 dagger (4)]
  2696 | D:3      | Killed from afar by an orc wizard

Illustrated notes

Levels and vault maps discovered:
D:1:      nzn_arrival_depleted_hourglass, layout_basic
D:2:      layout_loops_ring, gammafunk_temple_overflow_statue
D:3:      cheibrodos_pilgrimage, layout_loops_cross

Skill      XL: |  1  2  3  4 |
---------------+-------------+-----
Conjurations   | 4 5 |  5.0
Spellcasting   | 2 3 |  3.1
Hexes          | |  4.0
Air Magic      | |  1.0
Evocations     | |  2.1

Action                   |  1- 3 |  4- 6 || total
-------------------------+-------+-------++-------
Melee: Dagger            |    14 |       ||    14
 Cast: Magic Dart        |    95 |    17 ||   112
  Use: Scroll            |     4 |       ||     4
       Potion            |     1 |       ||     1
Armor: Robe              |     8 |     1 ||     9
Dodge: Dodged            |    11 |     3 ||    14
